 Dungeon Crawl Stone Soup version 0.28.0 (webtiles) character file.

Game seed: 7664555057076133074

322 zeram the Covert (level 6, -1/30 HPs)
             Began as a Spriggan Brigand on Feb 5, 2022.
             Killed from afar by an orc wizard (8 damage)
             ... with a magic dart
             ... on level 3 of the Dungeon.
             The game lasted 00:04:53 (3783 turns).

zeram the Covert (Spriggan Brigand)                 Turns: 3783, Time: 00:04:54

Health: -1/30      AC:  3    Str:  7    XL:     6   Next: 22%
Magic:  7/7        EV: 17    Int: 14    God:
Gold:   132        SH:  0    Dex: 17    Spells: 1/5 levels left

rFire   . . .      SeeInvis +   a - +2 dagger
rCold   . . .      Faith    .   f - +0 buckler
rNeg    . . .      Spirit   .   b - +0 robe
rPois   .          Reflect  .   (helmet restricted)
rElec   .          Harm     .   c - +0 cloak
rCorr   .          Rampage  .   (gloves unavailable)
Will    +....                   (boots unavailable)
Stlth   ++........              (no amulet)
HPRegen 0.10/turn               (no ring)
MPRegen 0.10/turn               (no ring)

@: confused, ambrosia-drunk, very quick
A: very small, no large weapons, unfitting armour, see invisible, speed 3
a: no special abilities


You were on level 3 of the Dungeon.
You visited 1 branch of the dungeon, and saw 3 of its levels.

You collected 132 gold pieces.

Inventory:

Hand Weapons
 a - a +2 dagger (weapon)
Missiles
 d - 11 poisoned darts
 e - 2 curare-tipped darts (quivered)
Armour
 b - a +0 robe (worn)
 c - a +0 cloak (worn)
 f - a +0 buckler (worn)
Scrolls
 g - 2 scrolls of teleportation {unknown}
 h - a scroll of torment {unknown}
 k - a scroll of identify {unknown}
 m - a scroll of fog {unknown}
Potions
 l - a potion of brilliance {unknown}


   Skills:
 - Level 1.5 Fighting
 + Level 4.1 Short Blades
 - Level 2.0 Throwing
 + Level 3.4 Dodging
 + Level 8.6 Stealth
 * Level 1.7 Shields


You had one spell level left.
You knew the following spells:

 Your Spells              Type           Power      Damage    Failure   Level
a - Dispel Undead         Necr           0%         3d6       99%         4

Your spell library contained the following spells:

 Spells                   Type           Power      Damage    Failure   Level
 Sting                    Tmut/Pois      0%         1d3       52%         1
 Corpse Rot               Necr/Air       0%         N/A       67%         2
 Death Channel            Necr           0%         N/A       100%        6
 Dispersal                Tloc           0%         N/A       100%        6
 Disjunction              Tloc           0%         N/A       100%        8


Dungeon Overview and Level Annotations

Branches:
Dungeon (3/15)

Altars:


Innate Abilities, Weirdness & Mutations

You are very small and have problems with some larger weapons.
You are too small for most types of armour.
You have supernaturally acute eyesight. (SInv)
You cover ground extremely quickly. (Speed+++)


Message History

You are too injured to fight recklessly!
You are too injured to fight recklessly!
You are too injured to fight recklessly!
You are too injured to fight recklessly!
You are too injured to fight recklessly!
You are too injured to fight recklessly!
You are too injured to fight recklessly!
You are too injured to fight recklessly!
You are too injured to fight recklessly!
You are too injured to fight recklessly!
You are too injured to fight recklessly!
You are too injured to fight recklessly!
You are too injured to fight recklessly!
You closely miss the orc wizard.
The orc wizard is severely wounded.
The orc wizard closely misses you.
You hit the orc wizard.
The orc wizard is severely wounded.
The orc wizard casts a spell at you. The magic dart hits you!
* * * LOW HITPOINT WARNING * * *
You miss the orc wizard.
The orc wizard is severely wounded.
You barely miss the orc wizard.
The orc wizard is severely wounded.
You block the orc wizard's attack.
You hit the orc wizard but do no damage.
The orc wizard is severely wounded.
The orc wizard points at you and mumbles some strange words.
The magic dart hits you!
* * * LOW HITPOINT WARNING * * *
You hit the orc wizard but do no damage.
The orc wizard is severely wounded.
You block the orc wizard's attack.
It was a potion of ambrosia.
You are confused.
You feel invigorated.
The orc wizard gestures at you while chanting.
The magic dart hits you!
You die...

#.
#.
#.
#.
#.##
..#
#)#
#@#
#o#
#.#
#.#
...
#..
#..
#..#


You could see an orc wizard (invisible).

Vanquished Creatures
  Sigmund (D:2)
  An orc priest (D:2)
  Terence (D:2)
  3 adders (D:2)
  2 worms (D:2)
  3 dart slugs
  8 orcs
  3 ball pythons
  4 bats
  2 giant cockroaches
  6 goblins
  2 hobgoblins (D:2)
  6 jackals
  2 kobolds (D:2)
  3 quokkas
  A frilled lizard (D:2)
  2 rats
50 creatures vanquished.

Notes
Turn   | Place    | Note
-------+----------+-------------------------------------------
     0 | D:1      | zeram the Spriggan Brigand began the quest for the Orb.
     0 | D:1      | Reached XP level 1. HP: 10/10 MP: 2/2
   120 | D:1      | Reached skill level 6 in Stealth
   129 | D:1      | Reached XP level 2. HP: 5/14 MP: 3/3
   673 | D:1      | Found a faded altar of an unknown god.
   777 | D:1      | Got Plato's Disquisition on Transformation
  1026 | D:2      | Reached XP level 3. HP: 4/18 MP: 4/4
  1976 | D:2      | Reached skill level 7 in Stealth
  2233 | D:2      | Noticed Terence
  2258 | D:2      | Killed Terence
  2259 | D:2      | Reached XP level 4. HP: 10/22 MP: 5/5
  2859 | D:2      | Reached skill level 1 in Shields
  2953 | D:2      | Noticed Sigmund
  3116 | D:2      | Killed Sigmund
  3117 | D:2      | Reached skill level 8 in Stealth
  3117 | D:2      | Reached XP level 5. HP: 25/25 MP: 6/6
  3117 | D:2      | Reached XP level 6. HP: 30/30 MP: 7/7
  3238 | D:2      | Learned a level 4 spell: Dispel Undead
  3783 | D:3      | Killed from afar by an orc wizard

Illustrated notes

Levels and vault maps discovered:
D:1:      tarquinn_simple_flora_water_d, layout_basic,
          shapermc_ecumenical_altar_rom_forum
D:2:      layout_basic, minmay_octomino_j4, uniq_sigmund, uniq_terence
D:3:      layout_loops_ring, mainiacjoe_overflow_paths, minmay_misc_feat_room

Skill      XL: |  1  2  3  4 |
---------------+-------------+-----
Stealth        | 6 7 8 |  8.6
Dodging        | 2 3 |  3.4
Short Blades   | 3 4 |  4.1
Shields        | 1 |  1.7
Fighting       | |  1.5
Throwing       | |  2.0

Action                   |  1- 3 |  4- 6 || total
-------------------------+-------+-------++-------
Melee: Dagger            |   122 |   159 ||   281
       Punch             |     1 |       ||     1
Throw: Dart              |    12 |    14 ||    26
  Use: Potion            |       |     2 ||     2
 Stab: Sleeping          |    11 |     4 ||    15
Armor: Robe              |    23 |    16 ||    39
Dodge: Dodged            |    97 |   104 ||   201
Block: Buckler           |    15 |    40 ||    55
